 Dungeon Crawl Stone Soup version 0.27-a0-650-g8dd3ea4f36 (webtiles) character file.

Game seed: 13794197190878334753

4 rednaxela the Stinger (level 1, 0/15 HPs)
             Began as a Naga Venom Mage on Mar 15, 2021.
             Slain by a hobgoblin (5 damage)
             ... on level 1 of the Dungeon.
             The game lasted 00:00:48 (143 turns).

rednaxela the Stinger (Naga Venom Mage)              Turns: 143, Time: 00:00:48

Health: 0/15       AC:  1    Str: 10    XL:     1   Next: 60%
Magic:  2/3        EV:  9    Int: 15    God:
Gold:   14         SH:  0    Dex: 11    Spells: 3/4 levels left

rFire    . . .     SeeInvis +   d - +0 short sword
rCold    . . .     Faith    .   (no shield)
rNeg     . . .     Spirit   .   a - +0 robe
rPois    +         Reflect  .   (no helmet)
rElec    .         Harm     .   (no cloak)
rCorr    .         Rampage  .   (no gloves)
Will     .....                  (no barding)
Stlth    ++........             (no amulet)
HPRegen  0.05/turn              (no ring)
MPRegen  0.08/turn              (no ring)

@: very slow
A: AC +0, large, see invisible, deformed body, poison resistance, slowness 2,
spit poison 1, naga tail 1
a: Spit Poison


You were on level 1 of the Dungeon.
You visited 1 branch of the dungeon, and saw 1 of its levels.

You collected 14 gold pieces.

Inventory:

Hand Weapons
 d - a +0 short sword (weapon)
   (You took it off a kobold on level 1 of the Dungeon)
Armour
 a - a +0 robe (worn)
Scrolls
 b - a scroll of fear {unknown}
 c - a scroll of blinking {unknown}
 e - a scroll of noise {unknown}


   Skills:
 - Level 1.5 Dodging
 - Level 3.0 Stealth
 + Level 2.1 Spellcasting
 - Level 1.0 Transmutations
 + Level 4.2 Poison Magic


You had 3 spell levels left.
You knew the following spells:

 Your Spells              Type           Power      Damage    Failure   Level
a - Sting                 Tmut/Pois      36%        1d4       8%          1

Your spell library contained the following spells:

 Spells                   Type           Power      Damage    Failure   Level
 Poisonous Vapours        Pois/Air       14%        N/A       14%         2
 Ignite Poison            Fire/Tmut/Pois 6%         N/A       32%         3
 Mephitic Cloud           Conj/Pois/Air  5%         N/A       36%         3
 Olgreb's Toxic Radiance  Pois           14%        N/A       36%         4


Dungeon Overview and Level Annotations

Branches:
Dungeon (1/15)

Altars:


Innate Abilities, Weirdness & Mutations

Your serpentine skin is tough. (AC +0)
You have supernaturally acute eyesight. (SInv)
Armour fits poorly on your strangely shaped body.
Your system is resistant to poisons. (rPois)
You cover ground very slowly.
You can spit poison.
You have a snake-like lower body.


Message History

The sting hits the kobold.
The kobold is poisoned.
The kobold is moderately wounded.
You kill the kobold!
Things that are here:
a +0 short sword; a kobold corpse
d - a +0 short sword
d - a +0 short sword (weapon)
A dart slug comes into view.
Found 14 gold pieces.
You see here a scroll labelled QAP MEUPYMAETT.
Found a short sword.
Found a stone staircase leading down.
Found an inky potion.
The helpless dart slug fails to defend itself.
You hit the dart slug.
The dart slug is moderately wounded.
The dart slug closely misses you.
Casting: Sting (safe; 8% risk of failure)
Confirm with . or Enter, or press ? or * to list all spells.
Aiming: Sting (safe; 8% risk of failure)
Press: ? - help, Shift-Dir - straight line, f - dart slug
Aim: a dart slug (lightly wounded, 0% to evade)
The sting hits the dart slug but does no damage.
The dart slug is poisoned.
The dart slug is lightly wounded.
Casting: Sting (safe; 8% risk of failure)
Confirm with . or Enter, or press ? or * to list all spells.
Aiming: Sting (safe; 8% risk of failure)
Press: ? - help, Shift-Dir - straight line, f/p - dart slug
Aim: a dart slug (moderately wounded, poisoned, 0% to evade)
The sting hits the dart slug.
The dart slug looks even sicker.
The dart slug is moderately wounded.
The dart slug bites you but does no damage.
Casting: Sting (safe; 8% risk of failure)
Confirm with . or Enter, or press ? or * to list all spells.
Aiming: Sting (safe; 8% risk of failure)
Press: ? - help, Shift-Dir - straight line, f/p - dart slug
Aim: a dart slug (severely wounded, very poisoned, 0% to evade)
The sting hits the dart slug.
The dart slug looks even sicker.
You kill the dart slug!
e - a scroll labelled QAP MEUPYMAETT You now have 14 gold pieces.
A bat comes into view.
A bat is nearby!
You see here a +0 short sword.
A hobgoblin comes into view.
The hobgoblin shouts!
You hear an angry hiss.
Casting: Sting (safe; 8% risk of failure)
Confirm with . or Enter, or press ? or * to list all spells.
Aiming: Sting (safe; 8% risk of failure)
Press: ? - help, Shift-Dir - straight line, f - bat
Aim: a bat (48% to evade)
You miscast Sting.
You are very lightly contaminated with residual magic.
Nothing appears to happen.
A kobold comes into view. It is wielding a +0 short sword.
The bat barely misses you.
Casting: Sting (safe; 8% risk of failure)
Confirm with . or Enter, or press ? or * to list all spells.
Aiming: Sting (safe; 8% risk of failure)
Press: ? - help, Shift-Dir - straight line, f/p - bat
Aim: a bat (48% to evade)
The sting misses the bat.
The kobold shouts!
You hear a shout!
The bat hits you but does no damage. The bat barely misses you.
The bat hits you but does no damage.
Casting: Sting (safe; 8% risk of failure)
Confirm with . or Enter, or press ? or * to list all spells.
Aiming: Sting (safe; 8% risk of failure)
Press: ? - help, Shift-Dir - straight line, f/p - bat
Aim: a bat (48% to evade)
You miscast Sting.
Nothing appears to happen.
The bat hits you but does no damage.
A hobgoblin comes into view.
The kobold throws a stone.
The stone barely misses you. The bat hits you but does no damage.
The kobold throws a stone.
The stone closely misses you. The bat hits you. The bat barely misses you.
The bat hits you. The bat hits you. The bat barely misses you.
The bat hits you but does no damage. The bat closely misses you.
The hobgoblin closely misses you.
Your magical contamination has completely faded away.
The bat hits you. The bat hits you. The bat hits you but does no damage.
The kobold throws a stone.
The stone barely misses you. The bat hits you.
* * * LOW HITPOINT WARNING * * *
The hobgoblin hits you.
* * * LOW HITPOINT WARNING * * *
The bat barely misses you. The bat hits you but does no damage.
The bat hits you.
* * * LOW HITPOINT WARNING * * *
The hobgoblin barely misses you.
There is a stone staircase leading down here.
The hobgoblin hits you.
* * * LOW HITPOINT WARNING * * *
The hobgoblin hits you.
You die...

.#.........#..................
.#.........###..##............
##....8....# ##.##....†.......
##.....♣...###..###...........
...........##.................
...........##..##...#..###....
...........#..#####.##.# ...
......!.####..#####.##.# ..
.....)........Kg@##.##.# #
....###.......bg........
K.g..####.....#####.....
..##.####...### ..##.. ..
#........# ## #......###
#.......## .........#
...........


You could see 2 hobgoblins, a bat and a kobold.

Vanquished Creatures
  A dart slug (D:1)
  A kobold (D:1)
  A rat (D:1)
3 creatures vanquished.

Notes
Turn   | Place    | Note
-------+----------+-------------------------------------------
     0 | D:1      | rednaxela the Naga Venom Mage began the quest for the Orb.
     0 | D:1      | Reached XP level 1. HP: 15/15 MP: 3/3
   143 | D:1      | Slain by a hobgoblin

Illustrated notes

Levels and vault maps discovered:
D:1:      wander_arrival_peaceful_grave, layout_rooms

Action                   || total
-------------------------++-------
Melee: Short sword       ||     1
 Cast: Sting             ||     6
 Stab: Sleeping          ||     1
Armor: Robe              ||     8
Dodge: Dodged            ||    12

Table legend: (Time is in decaauts)
 A = Elapsed time spent in this place.
 B = Non-inter-level travel time spent in this place.
 C = Inter-level travel time spent in this place.
 D = Time resting spent in this place.
 E = Time spent auto-exploring this place.
 F = Levels seen in this place.
 G = Mean time per level.
                   A        B        C        D        E       F      G
               +--------+--------+--------+--------+--------+-----+--------+
         Total |    177 |    177 |      0 |      0 |     75 |   1 |  177.0 |
       Dungeon |    177 |    177 |      0 |      0 |     75 |   1 |  177.0 |
               +--------+--------+--------+--------+--------+-----+--------+

Top non-repeatable levels by time:
     D:1: 177 daAuts
